 Dungeon Crawl Stone Soup version 0.30.0 (webtiles) character file.

Game seed: 9241134238448263737

38 AlmostAGhost the Ducker (level 3, -2/27 HPs)
             Began as a Demonspawn Gladiator on May 6, 2023.
             Succumbed to a goblin's poison
             ... on level 1 of the Dungeon.
             The game lasted 00:02:46 (531 turns).

AlmostAGhost the Ducker (Demonspawn Gladiator)       Turns: 531, Time: 00:02:47

Health: -2/27      AC:  8    Str: 16    XL:     3   Next: 25%
Magic:  3/3        EV: 11    Int:  9    God:
Gold:   17         SH:  0    Dex: 14    Spells: 2/2 levels left

rFire   . . .        a - +0 long sword
rCold   . . .        (no shield)
rNeg    . . .        j - +0 ring mail
rPois   .            c - +0 helmet
rElec   .            (no cloak)
rCorr   .            (no gloves)
SInv    .            (no boots)
Will    .....        (no amulet)
Stlth   +            (no ring)
HPRegen 0.24/turn    (no ring)
MPRegen 0.08/turn

%: no passive effects
@: lethally poisoned (-2 -> -16)
A: thin metallic scales 1, demonic touch 1
a: no special abilities


You were on level 1 of the Dungeon.
You visited 1 branch of the dungeon, and saw 2 of its levels.

You collected 17 gold pieces.

Inventory:

Hand Weapons
 a - a +0 long sword (weapon)
Missiles
 d - 4 throwing nets (quivered)
 e - a javelin
Armour
 b - a +0 leather armour
 c - a +0 helmet (worn)
 j - a +0 ring mail (worn)
Scrolls
 f - a scroll of fear {unknown}
 g - a scroll of teleportation {unknown}
 h - a scroll of enchant weapon {unknown}
 m - a scroll of enchant armour {unknown}


   Skills:
 + Level 2.2 Fighting
 + Level 3.1 Long Blades
 + Level 1.8 Throwing
 + Level 0.2 Armour
 + Level 3.4 Dodging


You had 2 spell levels left.
You didn't know any spells.
Your spell library contained the following spells:

 Spells                   Type           Power      Damage    Failure   Level
 Apportation              Tloc           0%         N/A       61%         1
 Necrotise                Necr           0%         1d4       61%         1
 Summon Small Mammal      Summ           0%         N/A       61%         1
 Gell's Gravitas          Tloc           0%         N/A       93%         3
 Teleport Other           Tloc           0%         N/A       93%         3
 Dispersal                Tloc           0%         N/A       100%        6


Dungeon Overview and Level Annotations

Branches:
Dungeon (2/15)

Altars:

Shops:
D:1 ?

Annotations:
D:2 Robin


Innate Abilities, Weirdness & Mutations

You are partially covered in thin metallic scales. (AC +2)
Your touch may inflict minor irresistible damage on your foes.


Message History

The goblin misses you. The goblin barely misses you.
It was a potion of ambrosia.
You are confused.
You feel invigorated.
* * * LOW HITPOINT WARNING * * *
You feel sick.
The goblin hits you but does no damage. x2
You are more poisoned.
* * * LOW HITPOINT WARNING * * *
You feel very sick. The goblin hits you but does no damage.
The goblin unwields a +1 dagger of venom.
It stops dripping with poison.
The goblin wields a +0 sling.
The goblin shoots a sling bullet.
The sling bullet barely misses you.
Things that are here:
a +0 dagger; a +0 sling
* * * LOW HITPOINT WARNING * * *
You feel very sick. The goblin hits you but does no damage.
The goblin unwields a +0 sling.
The goblin wields a +1 dagger of venom.
It begins to drip with poison!
The goblin closely misses you.
There is a stone staircase leading down, spattered with blood here.
You are not religious.
* * * LOW HITPOINT WARNING * * *
You feel sick.
Things that are here:
a +0 dagger; a goblin corpse You feel less invigorated.
You feel less confused.
* * * LOW HITPOINT WARNING * * *
You feel sick.
You slash the goblin!
You kill the goblin!
* * * LOW HITPOINT WARNING * * *
You feel sick.
The goblin hits you with a +1 dagger of venom.
* * * LOW HITPOINT WARNING * * *
You are more poisoned.
You hit the goblin.
The goblin is moderately wounded.
You die...

#.........#...
####†.###....#
#############.....##.#
##.....##......##..##.#
##..............###....#
#................####...
#......)>).......# ####
#......)g........# #
#......@......)..#
#............)...#
#................##
##................#
##.....##.....##.##
###############..#####
##...... #####.....#
#.....^..##


You could see a goblin.

Vanquished Creatures
  2 dart slugs (D:1)
  2 ball pythons (D:1)
  2 bats (D:1)
  2 giant cockroaches (D:1)
  5 hobgoblins (D:1)
  3 jackals (D:1)
  2 quokkas (D:1)
  9 goblins (D:1)
  A kobold (D:1)
28 creatures vanquished.

Notes
Turn   | Place    | Note
-------+----------+-------------------------------------------
     0 | D:1      | AlmostAGhost the Demonspawn Gladiator began the quest for
                  | the Orb.
     0 | D:1      | Reached XP level 1. HP: 16/16 MP: 1/1
    62 | D:1      | Found Radiqur's Magic Scroll Emporium.
    83 | D:1      | Gained mutation: Your touch may inflict minor irresistible
                  | damage on your foes. [demonic ancestry]
    83 | D:1      | Reached XP level 2. HP: 22/22 MP: 2/2
   244 | D:1      | Gained mutation: You are partially covered in thin metallic
                  | scales. (AC +2) [demonic ancestry]
   244 | D:1      | Reached XP level 3. HP: 27/27 MP: 3/3
   508 | D:2      | Noticed Robin
   524 | D:1      | HP: 1/27 [poisoned by a goblin]
   531 | D:1      | Succumbed to a goblin's poison

Illustrated notes

Levels and vault maps discovered:
D:1:      reono_arrival_forest_river, layout_rooms, serial_shops, shop,
          minmay_box_of_dots
D:2:      layout_rooms, dreamdust_ecumenical_altar_angels_and_demons,
          serial_shops, nicolae_shop_pleasant_corner_grove,
          minmay_worlds_worst_comb, uniq_robin

Skill      XL: |  1  2 |
---------------+-------+-----
Dodging        | 3 |  3.4
Long Blades    | 3 |  3.1
Fighting       | |  2.2
Throwing       | |  1.8
Armour         | |  0.2

Action                     || total
---------------------------++-------
  Melee: Long sword        ||    53
         Touch             ||     6
         Punch             ||     1
    Use: Potion            ||     4
 Armour: Leather armour    ||     4
         Ring mail         ||    34
  Dodge: Dodged            ||    61
